 Dungeon Crawl Stone Soup version 0.18.1-5-g4a78601 (webtiles) character file.

53 oplop the Insei (level 3, 0/23 HPs)
             Began as an Octopode Transmuter on May 10, 2016.
             Slain by a kobold
             ... wielding a +0 whip
              (2 damage)
             ... on level 2 of the Dungeon.
             The game lasted 00:01:45 (1083 turns).

oplop the Insei (Octopode Transmuter)               Turns: 1083, Time: 00:01:46

Health: 0/23       AC:  1    Str:  9    XL:     3   Next: 87%
Magic:  2/6        EV: 12    Int: 16    God:
Gold:   81         SH:  0    Dex: 12    Spells: 2 memorised, 4 levels left

rFire  + . .     SeeInvis .       - Unarmed
rCold  + . .     Gourm    .     (no shield)
rNeg   . . .     Faith    .     (helmet restricted)
rPois  +         Spirit   .     (no amulet)
rElec  +         Dismiss  .     (no ring)
rCorr  +         Reflect  .     (no ring)
SustAt .         Harm     .     (no ring)
MR     .....                    (no ring)
Stlth  ++........               (no ring)
                                (no ring)
                                (no ring)
                                (no ring)

@: appendage, resistant, very slightly contaminated, not resistant to hostile
enchantments, unstealthy
A: almost no armour, amphibious, 8 rings, constrict 8, tentacle spike 3,
camouflage 1, gelatinous body 1
a: End Transformation


You were on level 2 of the Dungeon.
You were not hungry.
One of your tentacles had a temporary spike.
You visited 1 branch of the dungeon, and saw 2 of its levels.

You collected 81 gold pieces.

Inventory:

Missiles
 a - 8 arrows
Wands
 k - a wand of disintegration (7/24)
Scrolls
 e - 2 scrolls of teleportation
 g - 3 scrolls of identify
 h - a scroll of fog {unknown}
Potions
 i - a potion of flight {unknown}
 m - a potion of heal wounds
Books
 b - a book of Changes

   Spells                             Type                      Level
   a - Beastly Appendage              Transmutation                1
   b - Sticks to Snakes               Transmutation                2
   c - Spider Form                    Transmutation/Poison         3
   d - Ice Form                       Ice/Transmutation            4
   e - Blade Hands                    Transmutation                5
Comestibles
 c - a bread ration
 d - 3 meat rations
 f - 2 slices of pizza
 j - 6 fruits
 n - 2 chunks of flesh


   Skills:
 + Level 1.5 Fighting
 + Level 2.2 Dodging
 + Level 3.2 Unarmed Combat
 + Level 2.5 Spellcasting
 * Level 2.9 Transmutations


You had 4 spell levels left.
You knew the following spells:

 Your Spells              Type           Power        Failure   Level  Hunger
a - Beastly Appendage     Trmt           ##....       8%          1    #......
b - Sticks to Snakes      Trmt           ##......     10%         2    ##.....


Dungeon Overview and Level Annotations

Branches:
Dungeon (2/15)

Altars:
Makhleb

Annotations:
D:2 Terence


Innate Abilities, Weirdness & Mutations

You cannot wear most types of armour.
You are amphibious.
You can wear up to eight rings at the same time.
You can use your tentacles to constrict eight enemies at once.
Your skin changes colour to match your surroundings (Stealth).
Your rubbery body absorbs attacks (AC +1).
One of your tentacles bears a large vicious spike.


Message History

Unknown command.
You tentacle-slap Terence.
Terence is moderately wounded.
You constrict Terence.
Your ball python bites Terence but does no damage.
Terence closely misses you.
Unknown command.
You tentacle-slap Terence but do no damage.
Terence is moderately wounded.
You constrict Terence. The kobold hits you with a whip.
* * * LOW HITPOINT WARNING * * *
Your ball python bites Terence but does no damage.
Unknown command.
Unknown command.
Drink which item? (? for menu, Esc to quit)
It was a potion of resistance.
You feel protected.
You constrict Terence.
Terence drinks a potion.
Terence is healed!
The kobold hits you with a whip.
You die...

...#...[.........##......
...#..........#.. ......
...#............. ......
...#.........##.# ......
.#.#.........##.# .......
...####.#...###.# .# ...#
#.....###.##.#
...####...#..##..@.#####
...#......#[.##K@S.......
...........................
##...........#........w..?..
#..........................
##..........#...............
)..........##...............
##.........#................
##......†..>..#............#
............#.#...........#


You could see Terence, a worm, a kobold and a friendly ball python.

Vanquished Creatures
  Jessica (D:2)
  An adder (D:2)
  3 bats
  A goblin (D:1)
  4 hobgoblins
  A quokka (D:2)
  5 kobolds
  6 rats
22 creatures vanquished.

Notes
Turn   | Place    | Note
--------------------------------------------------------------
     0 | D:1      | oplop the Octopode Transmuter began the quest for the Orb.
     0 | D:1      | Reached XP level 1. HP: 13/13 MP: 3/3
   168 | D:1      | Found a burning altar of Makhleb.
   492 | D:1      | Reached XP level 2. HP: 18/18 MP: 3/5
   608 | D:1      | Learned a level 2 spell: Sticks to Snakes
   613 | D:2      | Noticed Terence
   693 | D:2      | Noticed Jessica
   928 | D:2      | Reached XP level 3. HP: 23/23 MP: 6/6
  1032 | D:2      | Killed Jessica
  1083 | D:2      | Slain by a kobold

Action                   || total
-------------------------++-------
Melee: Unarmed           ||    50
       Constrict         ||    14
       Kick              ||    11
       Tentacles         ||     8
       Punch             ||     1
 Cast: Beastly Appendage ||    11
       Sticks to Snakes  ||     4
  Use: Scroll            ||     4
       Potion            ||     1
 Stab: Sleeping          ||     4
  Eat: Chunk             ||     1
Armor: Skin              ||     3
Dodge: Dodged            ||    30
